AoeStats
← Aquamoo♥

Fortress

507904457Analyzed
2v2 RM · 12d ago on Sep 20, 2026· 58m 45s· 4 players
Game mode
Random Map
Map size
Normal (6 player)
Population
200
Speed
Normal
Resources
Standard
Victory
Conquest
Starting age
Dark Age
Ending age
Imperial Age
RankedLock teamsTeams togetherTeam positionsShared explorationLock speedFull tech treeHidden civsTurbo modeCheats
Victory
Defeat
🇺🇸 Persians · United States
1158
+18
🇺🇸 Cumans · United States
1092
+22
🇲🇽 Vietnamese · Mexico
1204
-20
🇲🇽 Malay · Mexico
1204
-20
Ryun Sakashita
0:27 Loom
8:16 Feudal Age
12:09 Castle Age
10:26 Double-Bit Axe
15:35 Horse Collar
20:08 Forging
28:39 Gold Mining
30:45 Iron Casting
30:15 Squires
31:18 Arson
36:36 Imperial Age
35:01 Pikeman
36:10 Town Watch
37:36 Conscription
41:27 Blast Furnace
42:10 Halberdier
UserIDAlreadyInUse
8:13 Feudal Age
12:35 Castle Age
11:56 Scale Mail Armor
12:47 Forging
12:36 Double-Bit Axe
12:43 Gold Mining
13:35 Squires
13:23 Arson
15:41 Chain Mail Armor
20:52 Iron Casting
25:20 Ballistics
28:39 Imperial Age
26:25 Bow Saw
33:45 Elite Fire Lancer
35:00 Plate Mail Armor
36:43 Stone Mining
37:34 Pikeman
39:23 Two-Man Saw
50:52 Fletching
51:03 Padded Archer Armor
51:45 Bodkin Arrow
51:54 Padded Archer Armor
52:12 Elite Rattan Archer
55:42 Bracer
57:28 Chemistry
58:48 Paper Money
NinjaEskimo012
6:00 Feudal Age
6:32 Double-Bit Axe
7:51 Horse Collar
15:04 Bloodlines
17:41 Castle Age
15:29 Loom
16:33 Wheelbarrow
15:48 Loom
18:11 Bloodlines
18:11 Scale Barding Armor
18:19 Forging
20:31 Light Cavalry
23:38 Chain Barding Armor
23:56 Heavy Plow
24:08 Bow Saw
24:09 Steppe Husbandry
24:26 Hand Cart
23:56 Town Watch
36:44 Imperial Age
37:50 Caravan
40:25 Gold Mining
40:27 Stone Mining
41:32 Plate Barding Armor
42:26 Iron Casting
41:16 Elite Steppe Lancer
42:49 Hussar
49:45 Two-Man Saw
50:11 Elite Steppe Lancer
Aquamoo♥
9:25 Feudal Age
10:48 Double-Bit Axe
10:46 Horse Collar
12:01 Loom
14:46 Castle Age
15:41 Bow Saw
17:11 Town Watch
20:58 Gold Mining
25:42 Wheelbarrow
27:42 Gold Shaft Mining
33:26 Bloodlines
34:18 Hand Cart
38:15 Imperial Age
36:15 Heavy Plow
35:46 Light Cavalry
37:19 Husbandry
38:29 Caravan
38:02 Hussar
39:07 Scale Barding Armor
38:59 Stone Mining
40:37 Kamandaran
40:59 Conscription
40:05 Crossbowman
41:12 Chain Barding Armor
41:03 Forging
42:34 Two-Man Saw
43:16 Plate Barding Armor
43:16 Iron Casting
42:33 Fletching
44:57 Ballistics
45:39 Chemistry
44:48 Thumb Ring
45:47 Crop Rotation
46:12 Bodkin Arrow
47:20 Blast Furnace
46:21 Padded Archer Armor
47:17 Leather Archer Armor
46:40 Elite War Elephant
48:33 Stone Shaft Mining
50:58 Ring Archer Armor
51:34 Guilds
51:34 Town Patrol
Connection lost

Rejoining the realm…

Still unreachable

The connection could not be restored.

Session expired

The server has moved on; the page needs a fresh start.